 Dungeon Crawl Stone Soup version 0.32-a0-422-g28b100f618 (webtiles) character file.

Game seed: 6483328623782793609

133 adelrune the Covered (level 4, -8/38 HPs)
             Began as an Armataur Fighter on Feb 21, 2024.
             Was a Plaything of Xom.
             Mangled by a crocodile (shapeshifter) (11 damage)
             ... in a sewer.
             The game lasted 00:05:27 (2004 turns).

adelrune the Covered (Armataur Fighter)             Turns: 2004, Time: 00:05:28

Health: -8/38      AC:  8    Str: 23    XL:     4   Next: 94%
Magic:  4/4        EV:  5    Int:  8    God:    Xom [...*..]
Gold:   102        SH:  8    Dex: 10    Spells: 3/3 levels left

rFire   . . .        a - +0 flail
rCold   . . .        q - +0 kite shield
rNeg    . . .        f - +0 chain mail
rPois   .            (no helmet)
rElec   .            (no cloak)
rCorr   .            (no gloves)
SInv    .            (no barding)
Will    .....        (no amulet) Stlth
                     p - ring of flight
HPRegen 0.26/turn    (no ring)
MPRegen 0.09/turn

%: roll
@: flying
A: large, deformed body, tough skin 3, armoured tail, roll 1
a: Renounce Religion


You were in a sewer.
You worshipped Xom.
You were a favourite toy of Xom.
You visited 1 branch of the dungeon, and saw 3 of its levels.
You also visited: Sewer.

You collected 102 gold pieces.

Inventory:

Hand Weapons
 a - a +0 flail (weapon)
 l - a +1 heavy mace
Armour
 b - a +0 scale mail
 c - a +0 buckler
 f - a +0 chain mail (worn)
 q - a +0 kite shield (worn)
Jewellery
 p - a ring of flight (left hand)
Scrolls
 e - 2 scrolls of identify {unknown}
 i - a scroll of teleportation {unknown}
 k - a scroll of poison {unknown}
 m - a scroll of fear {unknown}
 n - 2 scrolls of noise {unknown}
 o - 2 scrolls of revelation {unknown}
Potions
 d - a potion of might
 g - a potion of curing {unknown}
 h - 2 potions of enlightenment {unknown}
 j - a potion of berserk rage {unknown}


   Skills:
 + Level 3.3 Fighting
 * Level 3.2 Maces & Flails
 + Level 4.4 Armour
 + Level 4.0 Shields


You had 3 spell levels left.
You didn't know any spells.
Your spell library was empty.

Dungeon Overview and Level Annotations

Branches:
Dungeon (3/15)              Sewer (1/1)

Altars:
Kikubaaqudgha
Makhleb
Xom

Shops:
D:1 !


Innate Abilities, Weirdness & Mutations

Armour fits poorly on your strangely shaped body.
You have extremely tough skin. (AC +3)
You have a long armoured tail.
You regenerate magic when rolling toward enemies. (Rampage MPRegen)


Message History

The crocodile is moderately wounded.
The kobold hits you but does no damage.
The crocodile bites you but does no damage.
You miss the crocodile.
The crocodile is moderately wounded.
The adder bites you but does no damage. You block the kobold's attack.
You block the crocodile's attack. The adder bites you but does no damage.
You closely miss the crocodile. You tail-slap the crocodile.
The crocodile is moderately wounded.
You block the kobold's attack.
The crocodile bites you but does no damage.
The adder bites you.
You are poisoned.
The adder poisons you! The kobold hits you but does no damage.
You barely miss the crocodile.
The crocodile is moderately wounded.
You feel sick. You block the adder's attack. The crocodile bites you.
The crocodile drags you backwards! You block the adder's attack.
You block the kobold's attack. The crocodile bites you!
* * * LOW HITPOINT WARNING * * *
You closely miss the crocodile.
The crocodile is moderately wounded.
You feel sick. You block the adder's attack.
The kobold hits you but does no damage.
The crocodile bites you but does no damage.
The adder barely misses you.
You sock the crocodile!
The crocodile is heavily wounded.
You feel sick.
You are no longer poisoned.
The kobold hits you but does no damage. The adder barely misses you.
The crocodile barely misses you.
The kobold hits you with a +0 short sword.
* * * LOW HITPOINT WARNING * * *
You block the adder's attack.
You barely miss the crocodile. You tail-slap the crocodile!
The crocodile is almost dead.
The crocodile bites you!
You die...
Xom chortles!

##### ##~..##
#..~.~####
#~...~~~~
#..K..# #l@.#
##S## #≈# #≈#
##≈## ##...##
#.∩~..#
..~~~~~~∩.~≈≈≈≈
..####~.~..##≈#


You could see a crocodile shaped shifter, an adder and a kobold.

Vanquished Creatures
  4 adders
  4 dart slugs
  A ribbon worm (D:2)
  7 endoplasms
  6 hobgoblins
  3 jackals (D:3)
  2 quokkas
  7 ball pythons
  5 bats
  2 frilled lizards
  4 goblins (D:2)
  2 kobolds
  4 rats
51 creatures vanquished.

Notes
Turn   | Place    | Note
-------+----------+-------------------------------------------
     0 | D:1      | adelrune the Armataur Fighter began the quest for the Orb.
     0 | D:1      | Reached XP level 1. HP: 18/18 MP: 1/1
    80 | D:1      | Reached XP level 2. HP: 15/25 MP: 2/2
   371 | D:1      | Reached XP level 3. HP: 30/30 MP: 3/3
   402 | D:1      | Found Citeng's Distillery.
   943 | D:1      | Found a burning altar of Makhleb.
  1315 | D:2      | Found an ancient bone altar of Kikubaaqudgha.
  1335 | D:2      | Reached XP level 4. HP: 30/38 MP: 4/4
  1720 | D:2      | Found a faded altar of an unknown god.
  1727 | D:2      | Prayed at the altar of an unknown god.
  1727 | D:2      | Became a worshipper of Xom of Chaos
  1958 | D:3      | Found a glowing drain.
  1967 | Sewer    | Entered a sewer
  1969 | Sewer    | Noticed a kobold brigand
  1976 | Sewer    | XOM: potion effect (curing)
  1990 | Sewer    | a kobold brigand changed into a shapeshifter
  1990 | Sewer    | Noticed a shapeshifter (shapeshifter)
  1990 | Sewer    | XOM: polymorph kobold brigand -> shapeshifter
  1990 | Sewer    | a shapeshifter changed into a howler monkey
  1997 | Sewer    | a howler monkey changed into a crocodile
  1997 | Sewer    | Noticed a crocodile (shapeshifter)
  2004 | Sewer    | Mangled by a crocodile (shapeshifter)

Illustrated notes

Levels and vault maps discovered:
D:1:      sevenhm_arrival_forest_fort_small_6, layout_basic, serial_shops,
          nicolae_shop_just_a_little_nook, kennysheep_small_spiral,
          grunt_decor_fettered, minivault_24, minmay_misc_feat_roman
D:2:      layout_basic, dilly_ecumenical_altar_fadedgnrine, basic_altar,
          grunt_ministairs_10, minmay_misc_feat_doors
D:3:      layout_rooms, grunt_temple_overflow_open, biasface_ghost_orc_armoury,
          portal_sewer_entry_d, palyth_stone_intersect
Sewer:    sewer_co_15_rooms

Skill      XL: |  1  2  3  4 |
---------------+-------------+-----
Maces & Flails | 2 3 |  3.2
Fighting       | 3 |  3.3
Armour         | 4 |  4.4
Shields        | 4 |  4.0

Action                     |  1- 3 |  4- 6 || total
---------------------------+-------+-------++-------
  Melee: Flail             |    74 |    85 ||   159
         Tailslap          |     5 |     7 ||    12
 Armour: Scale mail        |     1 |       ||     1
         Chain mail        |    51 |   131 ||   182
  Dodge: Dodged            |    12 |    36 ||    48
  Block: Buckler           |    13 |     1 ||    14
         Kite shield       |       |    55 ||    55

Table legend: (Time is in decaauts)
 A = Elapsed time spent in this place.
 B = Non-inter-level travel time spent in this place.
 C = Inter-level travel time spent in this place.
 D = Time resting spent in this place.
 E = Time spent auto-exploring this place.
 F = Levels seen in this place.
 G = Mean time per level.
                   A        B        C        D        E       F      G
               +--------+--------+--------+--------+--------+-----+--------+
         Total |   2055 |   2002 |     53 |     66 |   1472 |   4 |  513.8 |
       Dungeon |   2008 |   1955 |     53 |     66 |   1472 |   3 |  669.3 |
         Sewer |     47 |     47 |      0 |      0 |      0 |   1 |   47.0 |
               +--------+--------+--------+--------+--------+-----+--------+

Top non-repeatable levels by time:
     D:1: 1043 daAuts
     D:2: 832 daAuts
     D:3: 131 daAuts
   Sewer: 47 daAuts
